 Dungeon Crawl Stone Soup version 0.30-a0-377-g5cb311bc9f (webtiles) character file.

Game seed: 5789867619358370126

46 flotson the Sneak (level 3, -4/29 HPs)
             Began as a Demonspawn Delver on Dec 1, 2022.
             Slain by Terence
             ... wielding a +0 morningstar
              (10 damage)
             ... on level 2 of the Dungeon.
             The game lasted 00:04:17 (1214 turns).

flotson the Sneak (Demonspawn Delver)               Turns: 1214, Time: 00:04:17

Health: -4/29      AC:  6    Str: 14    XL:     3   Next: 44%
Magic:  3/3        EV:  9    Int: 11    God:
Gold:   70         SH:  0    Dex: 14    Spells: 2/2 levels left

rFire   . . .      SeeInvis .    a - +0 spear
rCold   . . .      Faith    .    (no shield)
rNeg    . . .      Spirit   .    d - +0 scale mail
rPois   .          Reflect  .    (helmet restricted)
rElec   .          Harm     .    (no cloak)
rCorr   .          Rampage  .    (no gloves)
Will    .....                    (no boots)
Stlth   +.........               (no amulet)
HPRegen 0.24/turn                (no ring)
MPRegen 0.08/turn                (no ring)

@: no status effects
A: antennae 1
a: no special abilities


You were on level 2 of the Dungeon.
You visited 1 branch of the dungeon, and saw 5 of its levels.

You collected 81 gold pieces.
You spent 11 gold pieces at shops.

Inventory:

Hand Weapons
 a - a +0 spear (weapon)
Missiles
 p - an atropa-tipped dart (quivered)
Armour
 d - a +0 scale mail (worn)
Wands
 g - a wand of digging (3)
Scrolls
 c - a scroll of fog
 e - a scroll of fear
 j - a scroll of summoning {unknown}
 l - a scroll of poison {unknown}
 m - a scroll of vulnerability {unknown}
 n - 2 scrolls of identify {unknown}
Potions
 b - a potion of berserk rage {unknown}
 f - a potion of brilliance {unknown}
 h - a potion of flight {unknown}
 k - a potion of curing {unknown}
 o - a potion of lignification {unknown}
 q - 2 potions of might {unknown}


   Skills:
 + Level 3.3 Fighting
 - Level 1.7 Polearms
 + Level 0.0 Throwing
 + Level 1.0 Armour
 + Level 2.2 Dodging
 + Level 4.8 Stealth
 + Level 1.1 Evocations


You had 2 spell levels left.
You didn't know any spells.
Your spell library contained the following spells:

 Spells                   Type           Power      Damage    Failure   Level
 Apportation              Tloc           0%         N/A       83%         1
 Necrotise                Necr           0%         1d4       83%         1
 Summon Small Mammal      Summ           0%         N/A       83%         1
 Summon Lightning Spire   Summ/Air       0%         N/A       100%        4
 Storm Form               Tmut/Air       0%         N/A       100%        7
 Maxwell's Capacitive Co  Air            0%         ∞         100%        8


Dungeon Overview and Level Annotations

Branches:
Dungeon (5/15)
 Temple: D:4-7

Altars:

Shops:
D:2 !

Annotations:
D:2 Terence


Innate Abilities, Weirdness & Mutations

You have a pair of small antennae on your head.


Message History

Terence hits you with a +0 morningstar! Terence closely misses you.
You hit Terence but do no damage.
Terence is moderately wounded.
Terence hits you with a +0 morningstar!
You are too injured to fight recklessly!
Throw: 3 darts (atropa)
Press: ? - help, Q - select action Shift-Dir - straight line, f/p - Terence
Aim: Terence, wielding a +0 morningstar and wearing a +2 scale mail of poison resistance (moderately wounded, 63% to hit, chance to blind on hit: 100%)
You throw an atropa-tipped dart. The atropa-tipped dart hits Terence.
Terence appears confused.
Terence is moderately wounded.
You catch the helpless Terence completely off-guard!
You hit Terence but do no damage.
Terence is moderately wounded.
Terence seems less confused.
Terence says, "Time to say good-bye..."
Terence closely misses you.
You barely miss Terence.
Terence is moderately wounded.
Terence hits you with a +0 morningstar.
You hit Terence but do no damage.
Terence is moderately wounded.
Terence closely misses you.
You hit Terence.
Terence is moderately wounded.
Terence is no longer blind.
Terence barely misses you.
Throw: 2 darts (atropa)
Press: ? - help, Q - select action Shift-Dir - straight line, f/p - Terence
Aim: Terence, wielding a +0 morningstar and wearing a +2 scale mail of poison resistance (moderately wounded, 63% to hit, chance to blind on hit: 100%)
You throw an atropa-tipped dart. The atropa-tipped dart hits Terence.
Terence appears confused.
Terence is moderately wounded.
You hit Terence.
Terence is heavily wounded.
Terence seems less confused.
Terence hits you with a +0 morningstar.
* * * LOW HITPOINT WARNING * * *
You hit Terence but do no damage.
Terence is heavily wounded.
Terence hits you with a +0 morningstar!
You die...

#.....##..#.#.# ..#
#.....###...#.## .# #
###.....# ##..#..###.... #.
######.......# #..##.....# #.
....#.....#######.....####...
.. ...................##..# ##
........(...####!....†.†.....#
..........[.##......##.###....
............##..@(..##.. .#
............##..@.....##.
.....†......##..(...#.# .#
............##......#... #
...........###......## #
....#.....## #..(...#
########### #......# ########


You could see Terence (blind).

Vanquished Creatures
  An adder (D:5)
  A dart slug (D:4)
  6 endoplasms
  3 giant cockroaches
  A goblin (D:1)
  A hobgoblin (D:2)
  4 jackals (D:5)
  A quokka (D:5)
  5 ball pythons
  3 bats
  4 frilled lizards
  3 rats
33 creatures vanquished.

Notes
Turn   | Place    | Note
-------+----------+-------------------------------------------
     0 | D:5      | flotson the Demonspawn Delver began the quest for the Orb.
     0 | D:5      | Reached XP level 1. HP: 18/18 MP: 1/1
    40 | D:5      | Gained mutation: You have a pair of small antennae on your
                  | head. [demonic ancestry]
    40 | D:5      | Reached XP level 2. HP: 21/24 MP: 2/2
   229 | D:3      | Noticed a scorpion
   428 | D:1      | Reached skill level 1 in Evocations
   428 | D:1      | Reached XP level 3. HP: 29/29 MP: 3/3
   719 | D:1      | Reached skill level 1 in Armour
  1134 | D:2      | Found Atozuc's Distillery.
  1150 | D:2      | Bought a potion of degeneration for 11 gold pieces
  1197 | D:2      | Noticed Terence
  1214 | D:2      | Slain by Terence

Illustrated notes

Levels and vault maps discovered:
D:1:      minmay_arrival_semitransparent, layout_loops_cross, dk_noncrumbling_3,
          nrook_campfire
D:2:      layout_rooms, serial_shops, shop, uniq_terence
D:3:      layout_basic, glass_columns_b, minmay_between
D:4:      gammafunk_steamed_eel, layout_loops_cross, corexii_corridor_pit,
          kennysheep_generic_room_8
D:5:      minmay_skewed_foursquare, layout_loops_cross,
          minmay_temple_entry_ruins, portal_sewer_entry_b

Skill      XL: |  1  2  3 |
---------------+----------+-----
Dodging        | 2 |  2.2
Evocations     | 1 |  1.1
Armour         | 1 |  1.0
Fighting       | |  3.3
Polearms       | |  1.7
Stealth        | |  4.8

Action                   || total
-------------------------++-------
Melee: Spear             ||   137
Throw: Dart              ||     4
  Use: Scroll            ||     2
       Potion            ||     1
 Stab: Sleeping          ||     9
       Invisible         ||     1
Armor: Leather armour    ||    23
       Scale mail        ||    13
Dodge: Dodged            ||    52

Table legend: (Time is in decaauts)
 A = Elapsed time spent in this place.
 B = Non-inter-level travel time spent in this place.
 C = Inter-level travel time spent in this place.
 D = Time resting spent in this place.
 E = Time spent auto-exploring this place.
 F = Levels seen in this place.
 G = Mean time per level.
                   A        B        C        D        E       F      G
               +--------+--------+--------+--------+--------+-----+--------+
         Total |   1197 |   1150 |     47 |      0 |    832 |   5 |  239.4 |
       Dungeon |   1197 |   1150 |     47 |      0 |    832 |   5 |  239.4 |
               +--------+--------+--------+--------+--------+-----+--------+

Top non-repeatable levels by time:
     D:1: 585 daAuts
     D:2: 339 daAuts
     D:5: 112 daAuts
     D:3: 81 daAuts
     D:4: 78 daAuts
